 Dungeon Crawl Stone Soup version 0.13-a0-3016-gcb2faac (webtiles) character file.

34281 Econoterrorist the Fighter (level 13, -4/83 HPs)
             Began as a Gargoyle Fighter on Sept 14, 2013.
             Was the Champion of Okawaru.
             Killed by divine providence
             ... invoked by a smoke demon
              (9 damage)
             ... on Level 1 of the Abyss.
             The game lasted 01:26:48 (14595 turns).

Econoterrorist the Fighter (Gargoyle Fighter)      Turns: 14595, Time: 01:26:48

HP  -4/83        AC 33     Str 21      XL: 13   Next: 70%
MP  24/24        EV  6     Int  7      God: Okawaru [******]
Gold 851         SH 37     Dex 13      Spells:  0 memorised, 12 levels left

Res.Fire  : + . .   See Invis. : .   a - +2,+4 eveningstar (protect)
Res.Cold  : . . .   Warding    : .   H - +4 scale mail
Life Prot.: + . .   Conserve   : .   n - +0 orc large shield
Res.Poison: +       Res.Corr.  : .   l - +0 helmet
Res.Elec. : +       Clarity    : .   p - +0 cloak
Sust.Abil.: + .     Spirit.Shd : .   M - +0 pair of gloves
Res.Mut.  : +       Stasis     : .   N - +0 pair of boots
Res.Rott. : +       Flight     : .   o - amulet of resist mutation
Saprovore : . . .                    S - ring of sustain abilities
                                     v - ring of protection from fire

@: about to teleport, somewhat resistant to hostile enchantments, extremely
unstealthy
A: fangs 1, talons 2, life protection 1, electricity resistance, slow metabolism
1, unbreathing, petrification resistance, AC +9, Int -2
a: Heroism, Finesse, Renounce Religion


You were on level 1 of the Abyss.
You worshipped Okawaru.
Okawaru was exalted by your worship.
You were not hungry.

You visited 4 branches of the dungeon, and saw 15 of its levels.
You visited the Abyss 1 time.

You collected 931 gold pieces.
You spent 100 gold pieces at shops.

Inventory:

Hand weapons
 a - a +2,+4 eveningstar of protection (weapon)
 J - a +0,+0 flail of holy wrath
 K - the +1,+0 mace "Newtbane" {venom, Int+2}
   (Okawaru gifted it to you on level 2 of the Snake Pit)

   It poisons the flesh of those it strikes.
   It affects your intelligence (+2).
 L - a +2,+2 whip of venom
Armour
 l - a +0 helmet (worn)
 n - a +0 orcish large shield (worn)
 p - a +0 cloak (worn)
 H - a +4 scale mail (worn)
 M - a +0 pair of gloves (worn)
 N - a +0 pair of boots (worn)
Magical devices
 b - a wand of cold (5)
 i - a wand of slowing (8)
 x - a wand of cold (8)
 A - a wand of random effects (17)
 B - a wand of cold (7)
 G - a wand of enslavement (7)
 P - a wand of flame (5)
Comestibles
 d - 8 bread rations
Scrolls
 e - a scroll of teleportation
 g - 2 scrolls of curse jewellery {unknown}
 m - 3 scrolls of identify
 r - a scroll of enchant weapon III {unknown}
 w - 4 scrolls of remove curse
 y - a scroll of silence {unknown}
 C - a scroll of recharging
 F - a scroll of amnesia {unknown}
 I - a scroll of fear {unknown}
 Q - 2 scrolls of fog {unknown}
Jewellery
 h - an uncursed ring of see invisible
 o - an amulet of resist mutation (around neck)
 v - a ring of protection from fire (left hand)
 R - an uncursed ring of teleport control
 S - a ring of sustain abilities (right hand)
Potions
 f - a potion of speed
 j - a potion of brilliance
 k - a potion of restore abilities
 q - a potion of slowing {unknown}
 s - a potion of might {unknown}
 z - a potion of flight {unknown}
 D - a potion of paralysis {unknown}
 E - 2 potions of poison
Miscellaneous
 u - a lantern of shadows


   Skills:
 + Level 12.4 Fighting
 + Level 12.0 Maces & Flails
 + Level 12.1 Armour
 + Level 12.3 Shields
 - Level 8.1 Invocations


You had 12 spell levels left.
You didn't know any spells.

Dungeon Overview and Level Annotations

Branches:
Dungeon (9/27)             Temple (1/1) D:7             Orc (0/4) D:8
   Lair (3/8) D:8           Snake (2/5) Lair:3
  Swamp: Lair:3-6    Shoals: Lair:3-6    Spider: Lair:3-6

Altars:
Ashenzari
Cheibriados
Elyvilon
Fedhas
Kikubaaqudgha
Makhleb
Nemelex Xobeh
Okawaru
Sif Muna
Trog
Vehumet
Xom
Yredelemnul
Zin
the Shining One

Shops:
D:5 %   D:6 =   D:9 [

Annotations:
Snake:2 Louise


Innate Abilities, Weirdness & Mutations

You are resistant to torment.
You are immune to poison.
Your stone body is very resilient (AC +9).
You have very sharp teeth.
You have razor-sharp toenails.
You resist negative energy.
You are resistant to electric shocks.
You have a slow metabolism.
You can survive without breathing.
You are immune to petrification.
You are dopey. (Int -2)


Message History

The smoke demon gestures at you. Something smites you!
* * * LOW HITPOINT WARNING * * *
Found a scroll labeled KEXECI HAAKHLEURAPE.
Read which item? (? for menu, Esc to quit)
As you read the scroll of teleportation, it crumbles to dust.
You feel strangely unstable.
You feel the power of the Abyss delaying your translocation.
The fire bat bites you but does no damage.
You block the death drake zombie's attack.
The fire bat bites you but does no damage.
You block the death drake zombie's attack.
You block the smoke demon's attack.
The smoke demon hits you but does no damage.
You block the fire bat's attack.
The death drake zombie bites you but does no damage.
The fire bat closely misses you. The smoke demon gestures at you.
Something smites you!
You die...

#....##. # .#.#
....... .##..#..
. ....._##..#.# #
... #..###.....
##
...#.#.#...###..#
.....#.#..#.... .
##.Zx##.#.#.#..
##.b3?....##..
#@#...#..###..
#.......###...# #
#..#....#. .§## #
#...#.. # #......
.......#
.#.#.§##§ #§.#.#.
. ###


You could see an ancient zyme, a smoke demon, a fire bat and a death drake
zombie.

Vanquished Creatures
  A lich (Abyss:1)
  Rupert (Lair:3)
  A tentacled starspawn (Abyss:1)
  A hydra (Lair:2)
  Erica (Lair:2)
  An anaconda (Snake:1)
  4 death yaks (Lair:2)
  A thrashing horror (Abyss:1)
  3 naga warriors
  The ghost of Ladykiller69 the Conjurer, an experienced DgWz (D:9)
  2 large abominations (Abyss:1)
  Joseph (D:8)
  2 spiny frogs (Lair:2)
  A smoke demon (Abyss:1)
  12 black mambas
  5 naga magi
  A troll (D:8)
  A basilisk (Lair:2)
  6 yaks (Lair:1)
  A neqoxec (Abyss:1)
  A hungry ghost (D:8)
  A deep elf fighter (D:6)
  A hill giant zombie (D:8)
  5 hippogriffs
  Edmund (D:4)
  Menkaure (D:5)
  A manticore (D:7)
  4 porcupines
  3 small abominations (Abyss:1)
  A yellow wasp (D:8)
  47 nagas
  3 sky beasts
  4 orc warriors
  2 ice beasts
  3 phantoms
  2 centaurs
  A black bear (D:9)
  5 ogres
  A warg (D:8)
  5 crocodiles
  Sigmund (D:5)
  3 giant slugs
  5 giant frogs
  4 agate snails
  14 water moccasins
  A gnoll sergeant (D:7)
  6 killer bees (D:9)
  2 jellies (D:7)
  3 goliath beetles
  5 wights (D:6)
  A giant frog zombie (D:6)
  3 quasits
  6 crimson imps
  5 orc priests
  4 hounds
  A black bear skeleton (D:7)
  3 scorpions
  5 orc wizards
  4 iguanas
  5 worker ants
  6 sheep (Lair:3)
  A hound skeleton (D:9)
  2 mummies (D:8)
  A worker ant zombie (D:6)
  31 adders
  7 gnolls
  8 green rats
  A lemure (Abyss:1)
  A giant centipede (Lair:2)
  5 ufetubi (Abyss:1)
  4 worms
  An adder zombie (D:9)
  An iguana skeleton (D:4)
  2 giant eyeballs
  9 giant geckos
  An ooze (D:2)
  28 orcs
  20 bats
  3 giant cockroaches
  12 goblins
  19 hobgoblins
  18 jackals
  8 quokkas
  7 giant newts
  A giant newt skeleton (D:4)
  A hobgoblin zombie (D:6)
  18 kobolds
  A kobold zombie (D:6)
  An orc zombie (D:6)
  17 rats
  3 ballistomycetes (D:8)
458 creatures vanquished.

Vanquished Creatures (collateral kills)
  A fungus (Lair:1)
1 creature vanquished.

Vanquished Creatures (others)
  A hellwing (Abyss:1)
  A small abomination (Abyss:1)
  A naga (Snake:2)
  A green rat (Lair:2)
  An adder (Lair:2)
  A giant spore (D:8)
  A fungus (Lair:2)
  5 starspawn tentacles (Abyss:1)
  6 starspawn tentacle segments (Abyss:1)
18 creatures vanquished.

Grand Total: 477 creatures vanquished

Notes
Turn   | Place    | Note
--------------------------------------------------------------
     0 | D:1      | Econoterrorist, the Gargoyle Fighter, began the quest for the Orb.
     0 | D:1      | Reached XP level 1. HP: 14/14 MP: 0/0
   168 | D:1      | Reached XP level 2. HP: 8/19 MP: 1/1
   461 | D:1      | Reached skill level 4 in Fighting
   461 | D:1      | Reached XP level 3. HP: 22/24 MP: 2/2
  1050 | D:2      | Reached XP level 4. HP: 27/29 MP: 3/3
  1827 | D:3      | Reached XP level 5. HP: 15/34 MP: 4/4
  1829 | D:3      | Reached skill level 5 in Fighting
  2374 | D:4      | Reached skill level 5 in Maces & Flails
  2374 | D:4      | Reached XP level 6. HP: 40/40 MP: 5/5
  2458 | D:4      | Noticed a phantom
  2473 | D:4      | Killed a phantom
  2473 | D:4      | Reached skill level 6 in Fighting
  2510 | D:4      | Noticed Edmund
  2525 | D:4      | Killed Edmund
  2525 | D:4      | Reached XP level 7. HP: 17/44 MP: 6/6
  3018 | D:4      | Noticed an ice beast
  3023 | D:4      | Killed an ice beast
  3135 | D:4      | Paralysed by a giant eyeball for 3 turns
  3276 | D:4      | Found a glowing golden altar of the Shining One.
  3518 | D:5      | Entered Level 5 of the Dungeon
  3727 | D:5      | Noticed Menkaure
  3737 | D:5      | Killed Menkaure
  3737 | D:5      | Reached skill level 5 in Armour
  3737 | D:5      | Reached skill level 5 in Shields
  3737 | D:5      | Reached XP level 8. HP: 43/50 MP: 7/7
  4018 | D:5      | Found Ecawuhur's Food Emporium.
  4191 | D:5      | Noticed Sigmund
  4204 | D:5      | Killed Sigmund
  4499 | D:6      | Paralysed by a giant eyeball for 4 turns
  4508 | D:6      | Paralysed by a giant eyeball for 2 turns
  4558 | D:6      | Found Kijiarghuph's Jewellery Boutique.
  4565 | D:6      | Bought a cursed ring of hunger for 28 gold pieces
  4565 | D:6      | Bought a +1 ring of dexterity for 30 gold pieces
  4643 | D:6      | Reached skill level 7 in Fighting
  4664 | D:6      | Reached XP level 9. HP: 52/55 MP: 8/8
  4736 | D:6      | Got a warped sling
  4737 | D:6      | Identified the sling of the Philosopher {speed, rC- SInv} (You found it on level 6 of the Dungeon)
  4931 | D:6      | Found a deep blue altar of Sif Muna.
  5346 | D:7      | Found a shattered altar of Ashenzari.
  5532 | D:7      | Found a staircase to the Ecumenical Temple.
  5544 | Temple   | Entered the Ecumenical Temple
  5580 | Temple   | Became a worshipper of Warmaster Okawaru
  5993 | D:8      | Reached skill level 8 in Fighting
  6087 | D:8      | Acquired Okawaru's first power
  6116 | D:8      | Found a staircase to the Orcish Mines.
  6226 | D:8      | Reached XP level 10. HP: 45/62 MP: 9/9
  6744 | D:8      | Found a staircase to the Lair.
  6920 | D:8      | Noticed Joseph
  6936 | D:8      | Killed Joseph
  7194 | D:8      | Reached skill level 9 in Fighting
  7472 | D:9      | Noticed Ladykiller69's ghost (experienced DgWz)
  7504 | D:9      | Killed Ladykiller69's ghost
  7646 | D:9      | Found Neabeam's Armour Shoppe.
  7667 | D:9      | Bought a +0 helmet for 42 gold pieces
  8218 | Lair:1   | Entered Level 1 of the Lair of Beasts
  8242 | Lair:1   | Reached XP level 11. HP: 59/68 MP: 10/10
  8592 | Lair:1   | Reached skill level 10 in Fighting
  9275 | Lair:2   | Reached skill level 10 in Shields
  9323 | Lair:2   | Reached skill level 10 in Maces & Flails
  9323 | Lair:2   | Reached skill level 10 in Armour
  9352 | Lair:2   | Got a pitted shield
  9366 | Lair:2   | Identified the +3 shield "Pseduade" {rElec Int+3 Curse} (You found it on level 2 of the Lair of Beasts)
  9403 | Lair:2   | Acquired Okawaru's second power
  9445 | Lair:2   | Noticed a death yak
  9450 | Lair:2   | Noticed a death yak
  9450 | Lair:2   | Noticed a death yak
  9451 | Lair:2   | Noticed a death yak
  9472 | Lair:2   | Killed a death yak
  9487 | Lair:2   | Killed a death yak
  9500 | Lair:2   | Killed a death yak
  9512 | Lair:2   | Killed a death yak
 10112 | Lair:2   | Noticed Erica
 10381 | Lair:2   | Noticed a seven-headed hydra
 10392 | Lair:2   | Killed a seven-headed hydra
 10392 | Lair:2   | Reached skill level 11 in Fighting
 10392 | Lair:2   | Reached XP level 12. HP: 58/76 MP: 11/11
 10529 | Lair:2   | Killed Erica
 10529 | Lair:2   | Received a gift from Okawaru
 10757 | Lair:3   | Found a staircase to the Snake Pit.
 10785 | Lair:3   | Reached skill level 1 in Invocations
 10808 | Snake:1  | Entered Level 1 of the Snake Pit
 10808 | Snake:1  | Noticed Rupert
 10814 | Snake:1  | Paralysed by Rupert for 7 turns
 11143 | Lair:3   | Paralysed by you for 5 turns
 11413 | Lair:3   | Paralysed by Rupert for 3 turns
 11437 | Lair:3   | Killed Rupert
 11565 | Snake:1  | Reached skill level 5 in Invocations
 11624 | Snake:1  | Noticed an anaconda
 11634 | Snake:1  | Killed an anaconda
 11733 | Snake:1  | Noticed a naga warrior
 11779 | Snake:1  | Killed a naga warrior
 12970 | Snake:2  | Received a gift from Okawaru
 13063 | Snake:2  | Reached XP level 13. HP: 79/81 MP: 24/24
 13209 | Snake:2  | Noticed a naga warrior
 13246 | Snake:2  | Killed a naga warrior
 13943 | Snake:2  | Received a gift from Okawaru
 13944 | Snake:2  | Got a twisted mace {god gift}
 13946 | Snake:2  | Noticed a naga warrior
 13975 | Snake:2  | Killed a naga warrior
 13994 | Snake:2  | Reached skill level 12 in Fighting
 14012 | Snake:2  | Identified the mace "Newtbane" {god gift, venom, Int+2} (Okawaru gifted it to you on level 2 of the Snake Pit)
 14229 | Snake:2  | Noticed Louise
 14252 | Snake:2  | Cast into the Abyss (Louise)
 14286 | Abyss:1  | Found a bloodstained altar of Trog.
 14359 | Abyss:1  | Gained mutation: You are dopey. (Int -2) [a neqoxec]
 14387 | Abyss:1  | Noticed a lich
 14403 | Abyss:1  | Killed a lich
 14435 | Abyss:1  | Noticed a lich
 14454 | Abyss:1  | HP: 4/82 [it/bolt of cold (19)]
 14488 | Abyss:1  | Noticed a tentacled starspawn
 14508 | Abyss:1  | HP: 3/82 [tentacled starspawn (14)]
 14519 | Abyss:1  | Killed a tentacled starspawn
 14589 | Abyss:1  | Found a bloodstained altar of Trog.
 14595 | Abyss:1  | Killed from afar by a smoke demon

Action                   |  1- 3 |  4- 6 |  7- 9 | 10-12 | 13-15 || total
-------------------------+-------+-------+-------+-------+-------++-------
Melee: Mace              |    16 |       |       |       |       ||    16
       Flail             |    75 |   177 |   359 |  1150 |       ||  1761
       Eveningstar       |       |       |       |    19 |   302 ||   321
Invok: Heroism           |       |       |       |     4 |     2 ||     6
Evoke: Wand              |       |       |       |    36 |     2 ||    38
  Use: Scroll            |       |     4 |     3 |    19 |     4 ||    30
       Potion            |       |       |       |     2 |     5 ||     7
